 Dungeon Crawl Stone Soup version 0.17.0-22-g5edae84 (webtiles) character file.

525 TruthSerum the Ruffian (level 7, -4/68 HPs)
             Began as a Troll Monk on Nov 13, 2015.
             Killed by divine providence
             ... invoked by an orc priest
              (12 damage)
             ... on level 5 of the Dungeon.
             The game lasted 00:08:28 (3306 turns).

TruthSerum the Ruffian (Troll Monk)                 Turns: 3306, Time: 00:08:28

Health: -4/68      AC:  6    Str: 20    XL:     7   Next: 2%
Magic:  6/6        EV: 11    Int:  6    God:
Gold:   214        SH:  0    Dex: 14    Spells: 0 memorised, 6 levels left

rFire  . . .     SeeInvis .       - Unarmed
rCold  . . .     Clarity  .     a - +0 robe
rNeg   . . .     SustAt   .     (no shield)
rPois  .         Gourm    +     (helmet restricted)
rElec  .         Spirit   .     e - +0 cloak
rCorr  .         Warding  .     (gloves unavailable)
rMut   .         Stasis   .     (boots unavailable)
MR     .....                    (no amulet)
Stlth  ++........               (no ring)
                                j - ring of flight

@: not resistant to hostile enchantments, unstealthy
A: unfitting armour, claws 3, fast metabolism 3, gourmand, regeneration 2,
shaggy fur 1, tough skin 2
a: Evoke Flight


You were on level 5 of the Dungeon.
You were full.

You visited 1 branch of the dungeon, and saw 5 of its levels.

You collected 214 gold pieces.

Inventory:

Armour
 a - a +0 robe (worn)
 e - a +0 cloak (worn)
Jewellery
 j - a ring of flight (left claw)
Scrolls
 d - a scroll of teleportation {unknown}
 h - 2 scrolls of noise {unknown}
 i - 6 scrolls of identify {unknown}
 k - a scroll of amnesia {unknown}
 r - 2 scrolls of remove curse {unknown}
 s - a scroll of magic mapping {unknown}
 w - a scroll of random uselessness {unknown}
Potions
 f - a potion of brilliance {unknown}
 g - 4 potions of curing
 l - a potion of haste {unknown}
 n - 2 potions of cure mutation {unknown}
 o - a potion of poison {unknown}
 p - a potion of berserk rage {unknown}
 t - a potion of heal wounds {unknown}
 u - a potion of resistance {unknown}
Comestibles
 b - 6 bread rations
 c - a beef jerky
 m - a meat ration
 q - a slice of pizza
 v - a royal jelly


   Skills:
 + Level 3.8 Fighting
 + Level 3.9 Dodging
 - Level 1.1 Stealth
 * Level 6.6 Unarmed Combat


You had 6 spell levels left.
You didn't know any spells.

Dungeon Overview and Level Annotations

Branches:
Dungeon (5/15)
 Temple: D:4-7

Altars:
Fedhas
Qazlal
Sif Muna
The Shining One


Innate Abilities, Weirdness & Mutations

You are too large for most types of armour.
You have claws for hands.
Your metabolism is lightning-fast.
You like to eat raw meat.
You heal very quickly.
You are covered in fur (AC +1).
You have very tough skin (AC +2).


Message History

You are too injured to fight recklessly!
Unknown command.
You are too injured to fight recklessly!
Unknown command.
You are too injured to fight recklessly!
You are too injured to fight recklessly!
Unknown command.
You are too injured to fight recklessly!
Unknown command.
You are too injured to fight recklessly!
Unknown command.
It was a potion of curing.
You feel better. The orc barely misses you. The orc misses you.
The orc priest hits you with a flail.
* * * LOW HITPOINT WARNING * * *
The orc hits you with a whip.
* * * LOW HITPOINT WARNING * * *
The orc barely misses you.
The orc priest calls down the wrath of Beogh upon you.
Something smites you!
You die...

.# .# ########+#.#
...........#
...........#
...........#
#.........#
#....ooo$.#######
#....oo@.........
....######.##########
... +.........>..<..#
. ######.#......#.
#.###.####.#
#..........#
....###.###### ....#
#.# ...# #.########


You could see an orc priest and 4 orcs.

Vanquished Creatures
  2 phantoms (D:4)
  An ogre (D:4)
  A scorpion (D:4)
  An orc wizard (D:5)
  A crimson imp (D:4)
  2 centaur skeletons
  4 adders
  An ooze (D:1)
  3 giant geckos
  5 orcs
  4 bats
  8 goblins
  7 hobgoblins
  3 quokkas
  3 giant cockroaches
  A giant newt (D:2)
  2 jackals (D:2)
  6 kobolds
  4 rats
59 creatures vanquished.

Notes
Turn   | Place    | Note
--------------------------------------------------------------
     0 | D:1      | TruthSerum the Troll Monk began the quest for the Orb.
     0 | D:1      | Reached XP level 1. HP: 22/22 MP: 0/0
   275 | D:1      | Reached XP level 2. HP: 29/29 MP: 1/1
   756 | D:2      | Reached XP level 3. HP: 18/36 MP: 2/2
  1261 | D:2      | Found a blossoming altar of Fedhas.
  1398 | D:2      | Reached XP level 4. HP: 44/44 MP: 3/3
  1746 | D:3      | Reached skill level 5 in Unarmed Combat
  1981 | D:3      | Found a deep blue altar of Sif Muna.
  2206 | D:4      | Noticed a phantom
  2231 | D:4      | Killed a phantom
  2231 | D:4      | Reached XP level 5. HP: 50/53 MP: 4/4
  2334 | D:4      | Found a stormy altar of Qazlal.
  2408 | D:4      | Found a glowing golden altar of the Shining One.
  2854 | D:4      | Noticed a phantom
  2860 | D:4      | Reached XP level 6. HP: 58/61 MP: 5/5
  2879 | D:4      | Killed a phantom
  2879 | D:4      | Reached skill level 6 in Unarmed Combat
  2940 | D:4      | Noticed an ogre
  2945 | D:4      | Killed an ogre
  3260 | D:5      | Entered Level 5 of the Dungeon
  3302 | D:5      | Reached XP level 7. HP: 25/68 MP: 6/6
  3306 | D:5      | Killed from afar by an orc priest

Action                   |  1- 3 |  4- 6 |  7- 9 || total
-------------------------+-------+-------+-------++-------
Melee: Unarmed           |    80 |    91 |     2 ||   173
  Use: Potion            |       |       |     1 ||     1
 Stab: Sleeping          |     1 |     4 |       ||     5
  Eat: Chunk             |    18 |    14 |       ||    32
